 Dungeon Crawl Stone Soup version 0.29-a0-323-g050149af67 (webtiles) character file.

Game seed: 9464856457767692299

21 kipponium the Bolt Thrower (level 3, 27/27 HPs)
             Began as a Human Hunter on Apr 11, 2022.
             Was a Follower of Sif Muna.
             Quit the game on level 1 of the Dungeon.
             The game lasted 00:01:25 (376 turns).

kipponium the Bolt Thrower (Human Hunter)            Turns: 376, Time: 00:01:25

Health: 27/27      AC:  3    Str: 11    XL:     3   Next: 5%
Magic:  3/3        EV: 12    Int:  9    God:    Sif Muna [*.....]
Gold:   38         SH:  0    Dex: 18    Spells: 2/2 levels left

rFire   . . .      SeeInvis .   a - +1 hand crossbow
rCold   . . .      Faith    .   (no shield)
rNeg    . . .      Spirit   .   b - +0 leather armour
rPois   .          Reflect  .   (no helmet)
rElec   .          Harm     .   (no cloak)
rCorr   .          Rampage  .   (no gloves)
Will    .....                   (no boots)
Stlth   ++........              (no amulet)
HPRegen 0.09/turn               (no ring)
MPRegen 0.08/turn               (no ring)

@: no status effects
A: no striking features
a: Renounce Religion, Channel Magic


You were on level 1 of the Dungeon.
You worshipped Sif Muna.
Sif Muna was aware of your devotion.
You visited 1 branch of the dungeon, and saw 1 of its levels.

You collected 38 gold pieces.

Inventory:

Hand Weapons
 a - a +1 hand crossbow (weapon)
Armour
 b - a +0 leather armour (worn)
Jewellery
 d - an amulet of faith
Scrolls
 c - a scroll of immolation
 e - a scroll of identify {unknown}
Potions
 f - a potion of resistance {unknown}


   Skills:
 - Level 2.0 Fighting
 + Level 4.8 Crossbows
 - Level 2.0 Dodging
 - Level 1.0 Stealth


You had 2 spell levels left.
You didn't know any spells.
Your spell library was empty.

Dungeon Overview and Level Annotations

Branches:
Dungeon (1/15)

Altars:
Sif Muna


Message History

You shoot a bolt. The bolt hits the goblin!
You kill the goblin!
Sif Muna accepts your kill.
A rat comes into view.
You shoot a bolt. The bolt closely misses the rat.
You shoot a bolt.
The bolt hits the rat but does no damage.
You shoot a bolt.
The bolt hits the rat but does no damage.
The rat barely misses you. x2
You shoot a bolt. The bolt closely misses the rat.
The rat bites you.
You shoot a bolt. The bolt barely misses the rat.
The rat bites you.
You shoot a bolt. The bolt hits the rat.
You kill the rat!
Sif Muna accepts your kill.
You have reached level 3!
Your experience leads to an increase in your attributes!
Increase (S)trength, (I)ntelligence, or (D)exterity?
You feel agile. x2
Things that are here:
a +0 club; a goblin corpse A bat comes into view.
You shoot a bolt. The bolt misses the bat.
You shoot a bolt. The bolt hits the bat.
The bat is heavily wounded.
The bat hits you but does no damage. The bat barely misses you.
You shoot a bolt. The bolt hits the bat.
You kill the bat!
Sif Muna accepts your kill.
Things that are here:
a bat corpse; a rat corpse A rat comes into view.
You shoot a bolt. The bolt hits the rat.
The rat is moderately wounded.
You shoot a bolt.
The bolt hits the rat but does no damage.
You shoot a bolt. The bolt barely misses the rat.
You shoot a bolt. The bolt barely misses the rat.
Unknown command.
Are you sure you want to abandon this character and quit the game? (Confirm with "yes".)

########### . #...##....# #.## ..
#...##....# #.## ...##...##....#
#.## ## .............# ###.## ..
.####...#.....# #.#.## ..
.........r@......# #.#.## ##..
#...#####.#......# #.#.##
....###.......#.#......#####.#...
.......................†...†..>##
..........##.#...............###
.#........##.#..#..#....)###.#
..........##.##.#..#..#....#.#
.#......†.'..##.#..........#.#
..........##.##....#..#....#.#


You could see a rat.

Vanquished Creatures
  3 bats (D:1)
  4 endoplasms (D:1)
  3 goblins (D:1)
  A hobgoblin (D:1)
  2 kobolds (D:1)
  A quokka (D:1)
  A frilled lizard (D:1)
  2 rats (D:1)
17 creatures vanquished.

Notes
Turn   | Place    | Note
-------+----------+-------------------------------------------
     0 | D:1      | kipponium the Human Hunter began the quest for the Orb.
     0 | D:1      | Reached XP level 1. HP: 16/16 MP: 1/1
   112 | D:1      | Reached XP level 2. HP: 22/22 MP: 2/2
   127 | D:1      | Found a faded altar of an unknown god.
   150 | D:1      | Prayed at the altar of an unknown god.
   150 | D:1      | Became a worshipper of Sif Muna the Loreminder
   150 | D:1      | Reached * piety under Sif Muna
   321 | D:1      | Reached XP level 3. HP: 23/27 MP: 3/3
   376 | D:1      | Quit the game

Illustrated notes

Levels and vault maps discovered:
D:1:      roderic_octagonal_star, layout_basic,
          hellmonk_ecumenical_altar_pennies_from_heaven

Action                   || total
-------------------------++-------
 Fire: Hand crossbow     ||    38
Armor: Leather armour    ||     2
Dodge: Dodged            ||     4

Table legend: (Time is in decaauts)
 A = Elapsed time spent in this place.
 B = Non-inter-level travel time spent in this place.
 C = Inter-level travel time spent in this place.
 D = Time resting spent in this place.
 E = Time spent auto-exploring this place.
 F = Levels seen in this place.
 G = Mean time per level.
                   A        B        C        D        E       F      G
               +--------+--------+--------+--------+--------+-----+--------+
         Total |    390 |    390 |      0 |      0 |    296 |   1 |  390.0 |
       Dungeon |    390 |    390 |      0 |      0 |    296 |   1 |  390.0 |
               +--------+--------+--------+--------+--------+-----+--------+

Top non-repeatable levels by time:
     D:1: 390 daAuts
